 Dungeon Crawl Stone Soup version 0.30-a0-210-g01b79a254e (webtiles) character file.

Game seed: 3883562786299008334

1400 scionoferis the Slicer (level 9, -2/54 HPs)
             Began as a Kobold Brigand on Oct 4, 2022.
             Splashed by a jelly's acid (6 damage)
             ... on level 6 of the Dungeon on Oct 5, 2022.
             The game lasted 00:13:59 (6278 turns).

scionoferis the Slicer (Kobold Brigand)             Turns: 6278, Time: 00:14:00

Health: -2/54      AC: -1    Str: 10    XL:     9   Next: 1%
Magic:  9/9        EV: 14    Int: 12    God:
Gold:   347        SH:  5    Dex: 19    Spells: 6/8 levels left

rFire   + . .      SeeInvis .    a - +1 dagger (speed)
rCold   + . .      Faith    .    B - +0 buckler
rNeg    . . .      Spirit   .    p - +0 ring mail
rPois   .          Reflect  .    (no helmet)
rElec   .          Harm     .    G - +0 cloak
rCorr   .          Rampage  .    (no gloves)
Will    .....                    (no boots)
Stlth   ++++......               (no amulet)
HPRegen 0.29/turn                t - ring of protection from fire
MPRegen 0.11/turn                D - ring of protection from cold

@: corroded
A: small, no large weapons, nightstalker 3
a: no special abilities


You were on level 6 of the Dungeon.
You visited 1 branch of the dungeon, and saw 6 of its levels.

You collected 347 gold pieces.

Inventory:

Hand Weapons
 a - a +1 dagger of speed (weapon)
 v - a +0 sling
 w - a +2 dagger
Missiles
 d - 24 poisoned darts (quivered)
 e - 2 curare-tipped darts
 H - 2 boomerangs
Armour
 c - a +0 cloak
 p - a +0 ring mail (worn)
 q - a +0 scale mail of willpower
 B - a +0 buckler (worn)
 G - a +0 cloak (worn)
Jewellery
 t - a ring of protection from fire (left hand)
 D - a ring of protection from cold (right hand)
Wands
 s - a wand of flame (8)
 x - a wand of light (1)
 E - a wand of charming (8)
Scrolls
 b - a scroll of poison
 g - 3 scrolls of amnesia
 i - 2 scrolls of immolation
 l - a scroll of blinking
 o - 2 scrolls of fog
 r - 2 scrolls of teleportation {unknown}
 y - a scroll of fear {unknown}
Potions
 f - 3 potions of brilliance
 h - a potion of lignification {unknown}
 k - 2 potions of haste {unknown}
 m - a potion of might {unknown}
 n - a potion of magic {unknown}
 u - a potion of resistance {unknown}
 z - 2 potions of curing {unknown}
 A - 2 potions of flight {unknown}
 C - a potion of degeneration {unknown}
 F - a potion of mutation {unknown}


   Skills:
 + Level 5.0 Fighting
 * Level 8.6 Short Blades
 - Level 2.1 Throwing
 + Level 3.3 Armour
 + Level 5.0 Dodging
 + Level 7.1 Stealth
 + Level 1.2 Shields


You had 6 spell levels left.
You knew the following spells:

 Your Spells              Type           Power      Damage    Failure   Level
a - Blink                 Tloc           0%         N/A       88%         2

Your spell library contained the following spells:

 Spells                   Type           Power      Damage    Failure   Level
 Freeze                   Ice            0%         1d3       77%         1
 Necrotise                Necr           0%         1d4       77%         1
 Shock                    Conj/Air       0%         1d3       77%         1
 Cigotuvi's Dreadful Rot  Necr/Pois/Air  0%         N/A       88%         2
 Ensorcelled Hibernation  Hex/Ice        0%         N/A       88%         2
 Momentum Strike          Conj/Tloc      0%         3d8       88%         2
 Passwall                 Tmut/Erth      0%         N/A       88%         2
 Poisonous Vapours        Pois/Air       0%         N/A       88%         2
 Frozen Ramparts          Ice            0%         1d1       98%         3
 Hailstorm                Conj/Ice       0%         3d3       98%         3
 Lesser Beckoning         Tloc           0%         N/A       98%         3
 Mephitic Cloud           Conj/Pois/Air  0%         N/A       98%         3
 Ozocubu's Armour         Ice            0%         N/A       98%         3
 Swiftness                Air            0%         N/A       98%         3
 Vampiric Draining        Necr           0%         2d6       98%         3
 Airstrike                Air            0%         2d(0-16)  100%        4
 Agony                    Necr           0%         N/A       100%        5
 Ozocubu's Refrigeration  Ice            0%         4d7       100%        7


Dungeon Overview and Level Annotations

Branches:
Dungeon (6/15)
 Temple: D:4-7

Altars:
Ashenzari
Hepliaklqana
Kikubaaqudgha

Shops:
D:3 [

Annotations:
D:3 2 runed translucent doors


Innate Abilities, Weirdness & Mutations

You are small and have problems with some larger weapons.
You are completely attuned to the shadows.


Message History

The jelly is heavily wounded.
You hit the jelly but do no damage.
Your hands burn!
The jelly is heavily wounded.
The jelly hits you but does no damage.
You hit the jelly.
Your hands burn!
The jelly is severely wounded.
You barely miss the jelly.
The jelly is severely wounded.
You hit the jelly.
Your hands burn!
The jelly is severely wounded.
The jelly closely misses you.
You hit the jelly but do no damage. The acid corrodes you!
Your hands burn!
The jelly is severely wounded.
You hit the jelly but do no damage.
Your hands burn!
* * * LOW HITPOINT WARNING * * *
The jelly is severely wounded.
The jelly hits you.
* * * LOW HITPOINT WARNING * * *
The acid corrodes you!
You are splashed with acid!
* * * LOW HITPOINT WARNING * * *
You feel much better. The jelly barely misses you.
You hit the jelly.
Your hands burn!
The jelly is almost dead.
You barely miss the jelly.
The jelly is almost dead.
The jelly hits you.
You are splashed with acid!
* * * LOW HITPOINT WARNING * * *
You hit the jelly but do no damage.
Your hands burn!
* * * LOW HITPOINT WARNING * * *
The jelly is almost dead.
You hit the jelly but do no damage.
Your hands burn!
* * * LOW HITPOINT WARNING * * *
The jelly is almost dead.
You hit the jelly but do no damage.
Your hands burn!
* * * LOW HITPOINT WARNING * * *
The jelly is almost dead.
The jelly hits you.
* * * LOW HITPOINT WARNING * * *
You are splashed with acid.
You die...

.##.....
###.....
........
........
........
.... #.#
........
.... #.#
.....).^
.... #.#
.......
...K##.#
.......
...KJ@.#
.......
....##.#
.......
.... #.#
.......
.... #.####
#######
######.....
## ##...###
.# #......#
.#####
####'.###.#
......
#.......#..


You could see a kobold brigand, a jelly and a kobold.

Vanquished Creatures
  An ice beast (D:6)
  A sky beast (D:4)
  An ogre (D:5)
  A black bear (D:5)
  A centaur (D:5)
  3 scorpions (D:6)
  2 necrophages (D:5)
  A howler monkey (D:6)
  A jelly (D:4)
  3 hounds (D:6)
  Jessica (D:3)
  Ijyb (D:3)
  An iguana (D:6)
  2 orc wizards (D:3)
  Terence (D:3)
  Robin (D:4)
  5 gnolls
  5 adders
  2 shadow imps
  A white imp (D:6)
  3 ufetubi
  A dart slug (D:1)
  12 orcs
  9 ball pythons
  8 bats
  7 endoplasms
  A giant cockroach (D:4)
  18 goblins
  10 hobgoblins
  4 jackals (D:1)
  4 quokkas
  5 frilled lizards
  9 kobolds
  2 rats
128 creatures vanquished.

Vanquished Creatures (others)
  A sky beast (D:3)
1 creature vanquished.

Grand Total: 129 creatures vanquished

Notes
Turn   | Place    | Note
-------+----------+-------------------------------------------
     0 | D:1      | scionoferis the Kobold Brigand began the quest for the Orb.
     0 | D:1      | Reached XP level 1. HP: 12/12 MP: 1/1
    93 | D:1      | Found a faded altar of an unknown god.
   176 | D:1      | Reached skill level 3 in Short Blades
   176 | D:1      | Reached XP level 2. HP: 18/18 MP: 2/2
   355 | D:1      | Reached XP level 3. HP: 16/22 MP: 3/3
   676 | D:1      | Reached XP level 4. HP: 27/27 MP: 4/4
   937 | D:1      | Learned a level 2 spell: Blink
   985 | D:2      | Reached skill level 4 in Short Blades
  1548 | D:2      | Reached skill level 1 in Armour
  2071 | D:3      | Found Imerim Haxe's Antique Armour Shop.
  2201 | D:3      | Found a large runed translucent door.
  2201 | D:3      | Found a large runed translucent door.
  2223 | D:3      | Noticed Terence
  2225 | D:3      | Reached XP level 5. HP: 32/32 MP: 5/5
  2244 | D:3      | Killed Terence
  2448 | D:3      | Found a broken altar of Ashenzari.
  2451 | D:3      | Noticed a sky beast
  2452 | D:3      | Noticed Jessica
  2461 | D:3      | Killed Jessica
  2462 | D:3      | Reached skill level 5 in Short Blades
  2462 | D:3      | Reached XP level 6. HP: 32/37 MP: 6/6
  2511 | D:3      | Noticed Ijyb
  2521 | D:3      | Killed a sky beast
  2568 | D:3      | Killed Ijyb
  2798 | D:3      | Reached skill level 6 in Short Blades
  2798 | D:3      | Reached XP level 7. HP: 42/42 MP: 7/7
  2836 | D:3      | Found a hazy altar of Hepliaklqana.
  3808 | D:4      | Noticed Robin
  3815 | D:4      | Killed Robin
  4410 | D:5      | Entered Level 5 of the Dungeon
  4428 | D:5      | Reached skill level 7 in Short Blades
  4504 | D:5      | Reached XP level 8. HP: 9/47 MP: 8/8
  4718 | D:5      | Found an ancient bone altar of Kikubaaqudgha.
  5524 | D:6      | Reached skill level 8 in Short Blades
  5770 | D:6      | Reached skill level 1 in Shields
  5887 | D:6      | Reached skill level 5 in Fighting
  5903 | D:6      | Reached skill level 5 in Dodging
  6007 | D:6      | Reached XP level 9. HP: 26/54 MP: 9/9
  6278 | D:6      | Splashed by a jelly's acid

Illustrated notes

Levels and vault maps discovered:
D:1:      dpeg_arrival_snail, layout_loops_ring,
          hellmonk_ecumenical_altar_pennies_from_heaven,
          chequers_serial_rivers_marsh
D:2:      layout_basic, chequers_jeans
D:3:      layout_loops_ring, lemuel_doored_altar,
          worldfamousw_hep_ancestral_shrine, serial_shops,
          nicolae_shop_competitors_out_of_business, ebering_ghost_disaster_area,
          uniq_ijyb, uniq_terence, uniq_jessica
D:4:      minmay_diamond_boxcup, layout_gridville, uniq_robin
D:5:      layout_loops_ring, amcnicky_altar_gilded, corexii_hall_statues_t,
          nicolae_figureground_sparkle
D:6:      layout_basic, ebering_ghost_inner_flame,
          hangedman_abyss_or_decor_stabs

Skill      XL: |  1  2  3  4  5  6  7  8 |
---------------+-------------------------+-----
Short Blades   | 3 4 5 6 7 8 |  8.6
Dodging        | 2 3 4 5 |  5.0
Armour         | 1 2 3 |  3.3
Fighting       | 3 4 5 |  5.0
Stealth        | 6 7 |  7.1
Shields        | 1 |  1.2
Throwing       | |  2.1

Action                   |  1- 3 |  4- 6 |  7- 9 || total
-------------------------+-------+-------+-------++-------
Melee: Dagger            |    45 |   180 |   357 ||   582
       Punch             |     1 |     3 |     2 ||     6
Throw: Dart              |       |    12 |     4 ||    16
Evoke: Wand              |       |       |     6 ||     6
  Use: Scroll            |       |       |     5 ||     5
       Potion            |       |       |     3 ||     3
 Stab: Sleeping          |    19 |    16 |    17 ||    52
       Distracted        |       |     2 |       ||     2
       Invisible         |       |       |     2 ||     2
Armor: Leather armour    |     3 |     6 |       ||     9
       Ring mail         |       |    24 |    49 ||    73
Dodge: Dodged            |    14 |    73 |   146 ||   233
Block: Buckler           |       |       |    20 ||    20

Table legend: (Time is in decaauts)
 A = Elapsed time spent in this place.
 B = Non-inter-level travel time spent in this place.
 C = Inter-level travel time spent in this place.
 D = Time resting spent in this place.
 E = Time spent auto-exploring this place.
 F = Levels seen in this place.
 G = Mean time per level.
                   A        B        C        D        E       F      G
               +--------+--------+--------+--------+--------+-----+--------+
         Total |   6047 |   5891 |    156 |    420 |   4442 |   6 | 1007.8 |
       Dungeon |   6047 |   5891 |    156 |    420 |   4442 |   6 | 1007.8 |
               +--------+--------+--------+--------+--------+-----+--------+

Top non-repeatable levels by time:
     D:4: 1192 daAuts
     D:3: 1160 daAuts
     D:2: 1036 daAuts
     D:5: 972 daAuts
     D:1: 931 daAuts
     D:6: 753 daAuts
